 Dungeon Crawl Stone Soup version 0.23-a0-650-ga4d50d4d25 (webtiles) character file.

2176 Notair the Cleaver (level 9, -1/79 HPs)
             Began as a Minotaur Gladiator on Jan 7, 2019.
             Was a Believer of Okawaru.
             Succumbed to a killer bee's poison
             ... on level 7 of the Dungeon.
             The game lasted 00:12:58 (6638 turns).

Notair the Cleaver (Minotaur Gladiator)             Turns: 6638, Time: 00:12:59

Health: -1/79      AC: 13    Str: 17 (20) XL:     9   Next: 11%
Magic:  8/8        EV:  6    Int:  7 (8)  God:    Okawaru [**....]
Gold:   238        SH:  0    Dex:  8 (11) Spells: 8/8 levels left

rFire    . . .     SeeInvis .   a - +0 war axe
rCold    . . .     Gourm    .   (no shield)
rNeg     . . .     Faith    .   B - +0 plate armour
rPois    .         Spirit   .   (helmet unavailable)
rElec    .         Reflect  .   (no cloak)
rCorr    .         Harm     .   (no gloves)
MR       .....                  (no boots)
Stlth    ..........             (no amulet)
HPRegen  0.23/turn              (no ring)
MPRegen  0.11/turn              (no ring)

@: lethally poisoned (-1 -> -20)
A: retaliatory headbutt, horns 3, sense surroundings 1, subdued magic 1,
MP-powered wands
a: Heroism, Renounce Religion


You were on level 7 of the Dungeon.
You worshipped Okawaru.
Okawaru was pleased with you.
You were hungry.

You visited 2 branches of the dungeon, and saw 8 of its levels.

You collected 238 gold pieces.

Inventory:

Hand Weapons
 a - a +0 war axe (weapon)
Missiles
 d - 2 throwing nets (quivered)
 k - 205 stones
 q - 51 poisoned needles
Armour
 c - a +0 hat
 B - a +0 plate armour (worn)
Wands
 n - a wand of flame (11)
 p - a wand of iceblast (19)
 z - a wand of polymorph (9)
 A - a wand of random effects (23)
Scrolls
 g - 6 scrolls of teleportation {unknown}
 h - 2 scrolls of enchant weapon {unknown}
 i - 3 scrolls of remove curse {unknown}
 l - 2 scrolls of magic mapping {unknown}
 o - 2 scrolls of immolation {unknown}
 s - a scroll of fog {unknown}
 t - a scroll of identify {unknown}
 v - 2 scrolls of amnesia {unknown}
 y - a scroll of enchant armour {unknown}
 C - 2 scrolls of blinking {unknown}
 D - a scroll of noise {unknown}
 E - a scroll of torment {unknown}
Potions
 e - 3 potions of flight
 j - 2 potions of degeneration
 m - 3 potions of haste
 r - a potion of mutation
Comestibles
 f - 11 rations


   Skills:
 + Level 7.6 Fighting
 * Level 10.7 Axes
 - Level 2.0 Throwing
 + Level 7.0 Armour
 - Level 3.2 Dodging


You had 8 spell levels left.
You didn't know any spells.
Your spell library contained the following spells:

 Spells                   Type           Power        Failure   Level  Hunger
 Corona                   Hex            #......      100%        1    ##.....
 Freeze                   Ice            #...         100%        1    ##.....
 Sandblast                Erth           #.....       100%        1    ##.....
 Ensorcelled Hibernation  Hex/Ice        #.....       100%        2    ###....
 Passwall                 Tmut/Erth      #.......     100%        2    ###....
 Throw Frost              Conj/Ice       #.....       100%        2    ###....
 Confuse                  Hex            #.......     100%        3    ####...
 Dazzling Spray           Conj/Hex       #.....       100%        3    ####...
 Ozocubu's Armour         Chrm/Ice       #.......     100%        3    ####...
 Stone Arrow              Conj/Erth      #.....       100%        3    ####...
 Tukima's Dance           Hex            #.......     100%        3    ####...
 Petrify                  Tmut/Erth      #.......     100%        4    #####..
 Summon Ice Beast         Ice/Summ       #.......     100%        4    #####..
 Throw Icicle             Conj/Ice       #.......     100%        4    #####..
 Lee's Rapid Deconstruct  Erth           #.........   100%        5    ######.


Dungeon Overview and Level Annotations

Branches:
Dungeon (7/15)             Temple (1/1) D:4

Altars:
Ashenzari
Cheibriados
Dithmenos
Fedhas
Gozag
Hepliaklqana
Kikubaaqudgha
Nemelex Xobeh
Okawaru
Qazlal
Ru
Sif Muna
Trog
Uskayaw
Vehumet
Wu Jian
Xom
Zin

Shops:
D:5 ?   D:6 [=?(

Annotations:
D:7 Pikel


Innate Abilities, Weirdness & Mutations

You reflexively headbutt those who attack you in melee.
You have a pair of large horns on your head.
You passively map a small area around you.
Your spells are a little easier to cast, but a little less powerful.
You expend magic power (3 MP) to strengthen your wands.


Message History

Unknown command.
* * * LOW HITPOINT WARNING * * *
You feel sick.
You closely miss the killer bee.
* * * LOW HITPOINT WARNING * * *
You feel sick.
The killer bee stings you but does no damage. x2
You completely miss the killer bee.
* * * LOW HITPOINT WARNING * * *
You feel sick.
The killer bee stings you but does no damage. x2
You closely miss the killer bee. Your headbutt misses the killer bee.
* * * LOW HITPOINT WARNING * * *
You feel sick. The killer bee barely misses you. The killer bee stings you!
* * * LOW HITPOINT WARNING * * *
You are more poisoned.
The killer bee poisons you!
You hit the killer bee. Your headbutt misses the killer bee.
The killer bee is moderately wounded.
You die...

#...........#
##<##.######.# #.#
.............######.#
##...............##.#
.........#######.##.#
##........# #.##.#
#.###...## #.##.# #.#
##.## #.##.# #.# #.#
###@##.# ..# #.#
#Ky....# ### #.#
#)#.#### #.# #.#.# ,
#.# #.#.# #.# #.#.#
#.######[#.# ,
.......))#.#
.........#.#


You could see Pikel and a killer bee.

Vanquished Creatures
  Sigmund (D:3)
  Duvessa (D:3)
  A phantom (D:6)
  2 slaves (D:7)
  A necrophage (D:7)
  An orc warrior (D:6)
  A sky beast (D:6)
  2 ogres
  A big kobold (D:7)
  3 bullfrogs (D:6)
  Dowan (D:3)
  3 killer bees (D:7)
  A crimson imp (D:7)
  2 centaur zombies
  3 hounds
  A jelly (D:7)
  2 orc priests
  10 orc wizards
  A centaur skeleton (D:4)
  2 iguanas (D:6)
  4 worker ants
  2 hound skeletons
  8 adders
  2 adder skeletons
  3 worms (D:2)
  4 leopard geckos
  15 orcs
  A ball python (D:2)
  10 giant cockroaches
  10 goblins
  9 hobgoblins
  2 jackals (D:3)
  12 kobolds
  A quokka (D:6)
  3 bats
  4 frilled lizards
  A quokka skeleton (D:7)
  7 rats
138 creatures vanquished.

Notes
Turn   | Place    | Note
-------+----------+-------------------------------------------
     0 | D:1      | Notair the Minotaur Gladiator began the quest for the Orb.
     0 | D:1      | Reached XP level 1. HP: 18/18 MP: 0/0
   109 | D:1      | Reached skill level 4 in Axes
   115 | D:1      | Reached XP level 2. HP: 19/25 MP: 1/1
   161 | D:1      | Reached skill level 1 in Armour
   744 | D:2      | Reached XP level 3. HP: 23/31 MP: 2/2
   962 | D:2      | Found a hide-covered altar of Uskayaw.
  1143 | D:2      | Reached XP level 4. HP: 24/38 MP: 3/3
  1349 | D:2      | Reached skill level 5 in Axes
  2377 | D:3      | Noticed Sigmund
  2387 | D:3      | Killed Sigmund
  2387 | D:3      | Reached skill level 6 in Axes
  2387 | D:3      | Reached XP level 5. HP: 23/46 MP: 4/4
  2555 | D:3      | Found a stormy altar of Qazlal.
  2593 | D:4      | Noticed Dowan
  2595 | D:4      | Found a staircase to the Ecumenical Temple.
  2595 | D:4      | Noticed Duvessa
  2613 | D:3      | Reached XP level 6. HP: 12/53 MP: 5/5
  3220 | D:3      | Killed Dowan
  3221 | D:3      | Killed Duvessa
  3221 | D:3      | Reached skill level 7 in Axes
  3498 | Temple   | Entered the Ecumenical Temple
  3558 | Temple   | Became a worshipper of Warmaster Okawaru
  3600 | D:4      | Found a blossoming altar of Fedhas.
  3616 | D:4      | Reached skill level 5 in Fighting
  3672 | D:4      | Reached XP level 7. HP: 53/61 MP: 6/6
  4277 | D:5      | Entered Level 5 of the Dungeon
  4414 | D:5      | Reached skill level 8 in Axes
  4510 | D:5      | Found Suraisar's Magic Scroll Shop.
  4576 | D:5      | Found a deep blue altar of Sif Muna.
  4577 | D:5      | Found a bloodstained altar of Trog.
  4862 | D:6      | Reached * piety under Okawaru
  4862 | D:6      | Reached skill level 5 in Armour
  4913 | D:6      | Reached XP level 8. HP: 51/70 MP: 7/7
  5180 | D:6      | Reached skill level 9 in Axes
  5216 | D:6      | Found a sacrificial altar of Ru.
  5456 | D:6      | Found Lameob's Magic Scroll Shop.
  5457 | D:6      | Found Jiudile's Jewellery Shop.
  5458 | D:6      | Found Lapsul's Antique Armour Shop.
  5459 | D:6      | Found Wutzatoj's Antique Weapon Shop.
  5752 | D:6      | Found a shattered altar of Ashenzari.
  5756 | D:6      | Reached ** piety under Okawaru
  6011 | D:6      | Reached skill level 10 in Axes
  6315 | D:7      | Noticed Pikel
  6416 | D:7      | Found a hazy altar of Hepliaklqana.
  6495 | D:7      | Reached XP level 9. HP: 72/78 MP: 8/8
  6624 | D:7      | Gained mutation: You passively map a small area around you.
                  | [potion of mutation]
  6624 | D:7      | Gained mutation: Your spells are a little easier to cast,
                  | but a little less powerful. [potion of mutation]
  6624 | D:7      | Gained mutation: You expend magic power (3 MP) to
                  | strengthen your wands. [potion of mutation]
  6624 | D:7      | Gained mutation: You have a pair of large horns on your
                  | head. [potion of mutation]
  6637 | D:7      | HP: 1/79 [killer bee (7)]
  6638 | D:7      | Succumbed to a killer bee's poison

Vault maps used:
D:1:      saegor_arrival_miasma, item_on_display_a
D:2:      lemuel_crystal_altar
D:3:      lemuel_doored_altar, chequers_serial_rivers_micro_e, uniq_sigmund
D:4:      lemuel_crystal_altar, minmay_temple_entry_purple_smoke, uniq_duvessa
D:5:      gammafunk_temple_overflow_pools, serial_shops, nicolae_shop_stone,
          first_ration
D:6:      minmay_chambers_of_fours, cheibrodos_ashenzari_chains,
          minmay_shop_grid_forest, nicolae_ru_great_annihilating_truth
D:7:      old_standard_altar, gammafunk_ghost_nasty_kobolds, grunt_livestock,
          kennysheep_another_room, lemuel_old_faithful, uniq_pikel
Temple:   compressed_dpeg_circular_temple

Skill      XL: |  1  2  3  4  5  6  7  8  9 |
---------------+----------------------------+-----
Axes           | 4 6 7 8 10 | 10.7
Armour         | 1 3 4 5 6 7 |  7.0
Fighting       | 3 4 5 6 7 |  7.6
Throwing       | |  2.0
Dodging        | |  3.2

Action                   |  1- 3 |  4- 6 |  7- 9 || total
-------------------------+-------+-------+-------++-------
Melee: War axe           |    80 |    95 |   242 ||   417
       Headbutt          |    14 |    11 |    32 ||    57
Throw: Throwing net      |       |     1 |     1 ||     2
Invok: Heroism           |       |       |     3 ||     3
  Use: Potion            |       |       |    10 ||    10
 Stab: Held in net/web   |       |       |     2 ||     2
       Paralysed         |       |       |     2 ||     2
  Eat: Chunk             |       |     8 |     6 ||    14
       Ration            |       |       |     1 ||     1
Armor: Leather armour    |     3 |       |       ||     3
       Ring mail         |    26 |    35 |       ||    61
       Chain mail        |       |     1 |    38 ||    39
       Plate armour      |       |       |   100 ||   100
Dodge: Dodged            |    62 |    69 |    92 ||   223

Table legend:
 A = Non-vault XP
 B = Vault XP
 C = Vault XP percentage of total XP
 D = Non-vault monster count
 E = Vault monster count
 F = Vault count percentage of total count
                 A         B        C        D         E       F
            +---------+---------+-------+---------+---------+-------
      Total |    2401 |     708 |  22.8 |     125 |      11 |   8.1
            +---------+---------+-------+---------+---------+-------
        D:1 |      37 |       0 |   0.0 |      21 |       0 |   0.0
        D:2 |      65 |       0 |   0.0 |      19 |       0 |   0.0
        D:3 |     100 |     452 |  81.9 |      21 |       3 |  12.5
        D:4 |     362 |       0 |   0.0 |      16 |       0 |   0.0
        D:5 |     204 |       0 |   0.0 |       7 |       0 |   0.0
        D:6 |     976 |     256 |  20.8 |      20 |       8 |  28.6
        D:7 |     657 |       0 |   0.0 |      21 |       0 |   0.0
            +---------+---------+-------+---------+---------+-------
